 Dungeon Crawl Stone Soup version 0.28-a0-1555-g9ae15a6949 (webtiles) character file.

Game seed: 9618274913073521591

98 HallandMoats the Skirmisher (level 4, -9/40 HPs)
             Began as a Ghoul Monk on Jan 18, 2022.
             Was an Elder of Makhleb.
             Mangled by a gnoll (12 damage)
             ... on level 3 of the Dungeon.
             The game lasted 00:03:14 (2896 turns).

HallandMoats the Skirmisher (Ghoul Monk)            Turns: 2896, Time: 00:03:15

Health: -9/40      AC:  8    Str: 16    XL:     4   Next: 69%
Magic:  4/4        EV: 11    Int:  5    God:    Makhleb [****..]
Gold:   107        SH:  0    Dex: 11    Spells: 3/3 levels left

rFire   . . .      SeeInvis .     - Unarmed
rCold   + . .      Faith    .   (no shield)
rNeg    + + +      Spirit   .   k - +0 chain mail
rPois   ∞          Reflect  .   (no helmet)
rElec   .          Harm     .   (no cloak)
rCorr   .          Rampage  .   (no gloves)
Will    .....                   (no boots)
Stlth   ..........              p - amulet of regeneration
HPRegen 0.00/turn               q - +4 ring of evasion
MPRegen 0.09/turn               (no ring)

@: inhibited regen
A: claws 1, cold resistance 1, negative energy resistance 3, inhibited
regeneration, torment resistance 2
a: Renounce Religion, Minor Destruction, Lesser Servant of Makhleb, Major
Destruction


You were on level 3 of the Dungeon.
You worshipped Makhleb.
Makhleb was greatly pleased with you.
You visited 1 branch of the dungeon, and saw 4 of its levels.

You collected 107 gold pieces.

Inventory:

Hand Weapons
 b - a +0 hunting sling
Missiles
 h - 94 stones (quivered)
 n - 13 sling bullets
Armour
 k - a +0 chain mail (worn)
Jewellery
 p - an amulet of regeneration (around neck)
 q - a +4 ring of evasion (left claw)
Scrolls
 a - a scroll of teleportation {unknown}
 c - a scroll of noise {unknown}
 d - a scroll of magic mapping {unknown}
 f - 4 scrolls of identify {unknown}
 g - a scroll of acquirement {unknown}
 l - a scroll of fog {unknown}
Potions
 e - a potion of berserk rage {unknown}
 i - 2 potions of might {unknown}
 j - a potion of mutation {unknown}
 m - a potion of curing {unknown}
 o - a potion of invisibility {unknown}


   Skills:
 * Level 4.2 Fighting
 * Level 1.9 Slings
 + Level 1.0 Armour
 + Level 3.0 Dodging
 - Level 2.1 Stealth
 - Level 3.2 Unarmed Combat
 + Level 1.4 Invocations


You had 3 spell levels left.
You didn't know any spells.
Your spell library was empty.

Dungeon Overview and Level Annotations

Branches:
Dungeon (4/15)
 Temple: D:4-7

Altars:
Makhleb


Innate Abilities, Weirdness & Mutations

You thrive by killing the living.
You are immune to poison.
You have sharp fingernails.
Your flesh is cold resistant. (rC+)
You are immune to negative energy. (rN+++)
You do not regenerate when monsters are visible.
You are immune to unholy pain and torment.


Message History

You are too injured to fight recklessly!
You see here 3 poisoned darts.
There is a stone staircase leading up here.
The gnoll barely misses you.
You climb upwards.
There is a stone staircase leading down here.
You are now empty-clawed.
You scratch the gnoll but do no damage.
The gnoll is lightly wounded.
The gnoll closely misses you.
You scratch the gnoll but do no damage.
The gnoll is lightly wounded.
The gnoll barely misses you.
You scratch the gnoll.
The gnoll is heavily wounded.
The gnoll barely misses you.
You barely miss the gnoll.
The gnoll is heavily wounded.
The gnoll hits you with a +1 flail of protection.
You closely miss the gnoll.
The gnoll is heavily wounded.
The gnoll hits you with a +1 flail of protection.
* * * LOW HITPOINT WARNING * * *
You barely miss the gnoll.
The gnoll is heavily wounded.
The gnoll hits you but does no damage.
You scratch the gnoll but do no damage.
The gnoll is heavily wounded.
The gnoll barely misses you.
You scratch the gnoll.
The gnoll is severely wounded.
The gnoll hits you with a +1 flail of protection!
* * * LOW HITPOINT WARNING * * *
You scratch the gnoll but do no damage.
The gnoll is severely wounded.
The gnoll barely misses you.
You scratch the gnoll but do no damage.
The gnoll is severely wounded.
The gnoll hits you with a +1 flail of protection!
You die...

#.............#
........###...#
#...........#.#
........#####.#####
.....#.## #......#
.....#.### #......#
#....#...# #......#
#........###......#
...........)....@.#
...#####.#......g.#
#)######..........#
....>.....#.......###
#.#######.#.........#
#.# #.###.......# #.#
#..###......# ..####
##.# ######## .....##
#.##


You could see a gnoll.

Vanquished Creatures
  A gnoll (D:4)
  2 adder skeletons (D:4)
  A worm (D:3)
  2 dart slugs (D:3)
  3 orcs (D:4)
  12 ball pythons
  4 endoplasms (D:1)
  2 giant cockroaches
  3 hobgoblins
  8 jackals
  2 quokkas
  4 bats
  2 frilled lizards
  6 goblins
  8 kobolds
  7 rats
67 creatures vanquished.

Vanquished Creatures (others)
  2 fungi (D:1)
  4 plants (D:1)
6 creatures vanquished.

Grand Total: 73 creatures vanquished

Notes
Turn   | Place    | Note
-------+----------+-------------------------------------------
     0 | D:1      | HallandMoats the Ghoul Monk began the quest for the Orb.
     0 | D:1      | Reached XP level 1. HP: 19/19 MP: 0/0
   418 | D:1      | Reached XP level 2. HP: 26/26 MP: 1/1
   430 | D:1      | Reached skill level 1 in Slings
   701 | D:1      | Found a faded altar of an unknown god.
   706 | D:1      | Prayed at the altar of an unknown god.
   706 | D:1      | Became a worshipper of Makhleb the Destroyer
   706 | D:1      | Reached * piety under Makhleb
   706 | D:1      | Reached ** piety under Makhleb
   863 | D:1      | Reached XP level 3. HP: 28/31 MP: 2/2
   909 | D:1      | Reached *** piety under Makhleb
  1585 | D:2      | Reached skill level 1 in Invocations
  2363 | D:3      | Reached skill level 4 in Fighting
  2363 | D:3      | Reached XP level 4. HP: 40/40 MP: 3/3
  2772 | D:4      | Reached skill level 1 in Armour
  2831 | D:4      | Reached **** piety under Makhleb
  2896 | D:3      | Mangled by a gnoll

Illustrated notes

Levels and vault maps discovered:
D:1:      dpeg_arrival_snail, layout_loops_ring,
          shapermc_ecumenical_altar_mp_urbaneastern
D:2:      layout_basic, skrybe_limestone_x
D:3:      layout_rooms
D:4:      kennysheep_spiral_hall, layout_basic, minmay_temple_entry_grid,
          serial_shops, shop, uniq_blork_the_orc

Skill      XL: |  1  2  3  4 |
---------------+-------------+-----
Slings         | 1 |  1.9
Invocations    | 1 |  1.4
Fighting       | 4 |  4.2
Dodging        | 3 |  3.0
Armour         | 1 |  1.0
Stealth        | |  2.1
Unarmed Combat | |  3.2

Action                   |  1- 3 |  4- 6 || total
-------------------------+-------+-------++-------
Melee: Unarmed           |   117 |    10 ||   127
       Punch             |     3 |       ||     3
 Fire: Hunting sling     |    34 |    54 ||    88
 Stab: Sleeping          |     5 |       ||     5
Armor: Robe              |    20 |       ||    20
       Chain mail        |     7 |     5 ||    12
Dodge: Dodged            |    83 |    15 ||    98

Table legend: (Time is in decaauts)
 A = Elapsed time spent in this place.
 B = Non-inter-level travel time spent in this place.
 C = Inter-level travel time spent in this place.
 D = Time resting spent in this place.
 E = Time spent auto-exploring this place.
 F = Levels seen in this place.
 G = Mean time per level.
                   A        B        C        D        E       F      G
               +--------+--------+--------+--------+--------+-----+--------+
         Total |   2897 |   2719 |    178 |      0 |   2228 |   4 |  724.2 |
       Dungeon |   2897 |   2719 |    178 |      0 |   2228 |   4 |  724.2 |
               +--------+--------+--------+--------+--------+-----+--------+

Top non-repeatable levels by time:
     D:1: 1393 daAuts
     D:2: 798 daAuts
     D:3: 536 daAuts
     D:4: 170 daAuts
